 Dungeon Crawl Stone Soup version 0.29.1-2-gbd0b4ee654 (webtiles) character file.

Game seed: 7966004407827997607

29 Condegh the Chopper (level 3, 0/27 (33) HPs)
             Began as a Hill Orc Monk on Nov 2, 2022.
             Slain by a kobold
             ... wielding a +0 club
              (4 damage)
             ... on level 1 of the Dungeon.
             The game lasted 00:04:05 (945 turns).

Condegh the Chopper (Hill Orc Monk)                  Turns: 945, Time: 00:04:06

HP:   0/27 (33)     AC: 10    Str: 15    XL:     3   Next: 16%
MP:   3/3           EV: 10    Int: 10    God:
Gold: 62            SH:  0    Dex: 13    Spells: 2/2 levels left

rFire   . . .      SeeInvis .   a - +0 hand axe
rCold   . . .      Faith    .   (no shield)
rNeg    . . .      Spirit   .   i - +3 scale mail
rPois   .          Reflect  .   (no helmet)
rElec   .          Harm     .   (no cloak)
rCorr   .          Rampage  .   e - +0 pair of gloves
Will    .....                   (no boots)
Stlth   ..........              (no amulet)
HPRegen 0.09/turn               (no ring)
MPRegen 0.08/turn               (no ring)

@: heavily drained
A: no striking features
a: no special abilities


You were on level 1 of the Dungeon.
You visited 1 branch of the dungeon, and saw 2 of its levels.

You collected 62 gold pieces.

Inventory:

Hand Weapons
 a - a +0 hand axe (weapon)
Armour
 b - a +0 robe
 e - a +0 pair of gloves (worn)
 i - a +3 scale mail (worn)
Scrolls
 d - a scroll of blinking {unknown}
 g - a scroll of identify {unknown}
 j - a scroll of enchant weapon {unknown}
Potions
 c - a potion of ambrosia
 f - a potion of invisibility {unknown}
 h - a potion of attraction {unknown}


   Skills:
 - Level 4.0 Fighting
 + Level 4.7 Axes
 + Level 1.7 Armour
 - Level 2.4 Dodging
 - Level 1.5 Stealth


You had 2 spell levels left.
You didn't know any spells.
Your spell library was empty.

Dungeon Overview and Level Annotations

Branches:
Dungeon (2/15)

Altars:

Shops:
D:1 [

Annotations:
D:1 Terence


Message History

HP restored.
You climb downwards.
Level annotation: Terence The kobold hits you with a +0 club.
Terence hits you with a +4 hand axe of draining.
You feel drained.
There is a stone staircase leading up here.
The kobold hits you with a +0 club. Terence hits you but does no damage.
You feel drained.
You climb upwards.
There is a stone staircase leading down here.
You hit Terence but do no damage. You barely miss the kobold.
The kobold misses you.
Terence hits you with a +4 hand axe of draining.
You feel drained.
You hit Terence but do no damage. You closely miss the kobold.
The kobold barely misses you.
Terence hits you with a +4 hand axe of draining.
You feel drained.
You closely miss Terence. You closely miss the kobold.
The kobold hits you but does no damage.
Terence hits you with a +4 hand axe of draining!
You feel drained.
* * * LOW HITPOINT WARNING * * *
The kobold closely misses you.
Terence hits you with a +4 hand axe of draining.
* * * LOW HITPOINT WARNING * * *
You feel drained.
* * * LOW HITPOINT WARNING * * *
Terence attacks as you move away! Terence barely misses you.
The kobold attacks as you move away! The kobold barely misses you.
The kobold attacks as you move away! The kobold hits you but does no damage.
The kobold attacks as you move away! The kobold closely misses you.
The kobold attacks as you move away! The kobold closely misses you.
The kobold attacks as you move away! The kobold hits you but does no damage.
The kobold attacks as you move away! The kobold barely misses you.
The kobold attacks as you move away! The kobold hits you but does no damage.
The kobold attacks as you move away! The kobold hits you but does no damage.
The kobold attacks as you move away! The kobold hits you with a +0 club.
You die...

##########################
#...........†.............
#.#######################.
#.#........#..# #.
#.#.#......#..# #.
########.#.#.######..#########
#.
..............@K@.>..........#
#.
.#####.#.#.#.#.###.#..######.#
#. .# #.#.#.#........♣.#
####.# #. .#
#.#.#.###.###♣.∩.♣ #....# #.
.# #...#.....# #.#♣## ######
#. .#
#############.#.###########.
.# #....##.#.#........... ##
#....##...#.#########. .#
#....##.#.#.# #.....


You could see Terence and a kobold.

Vanquished Creatures
  An adder (D:1)
  3 endoplasms (D:1)
  A goblin (D:1)
  3 kobolds (D:1)
  2 quokkas (D:1)
  A ball python (D:1)
  5 bats (D:1)
  3 frilled lizards (D:1)
  A rat (D:1)
20 creatures vanquished.

Notes
Turn   | Place    | Note
-------+----------+-------------------------------------------
     0 | D:1      | Condegh the Hill Orc Monk began the quest for the Orb.
     0 | D:1      | Reached XP level 1. HP: 19/19 MP: 1/1
   231 | D:1      | Found Ahadarchi's Antique Armour Shoppe.
   347 | D:1      | Reached XP level 2. HP: 22/27 MP: 2/2
   407 | D:1      | Reached skill level 1 in Armour
   899 | D:2      | Noticed Terence
   910 | D:1      | Reached XP level 3. HP: 32/33 MP: 3/3
   917 | D:1      | HP: 1/27 [Terence/+4 hand axe of draining (2)]
   945 | D:1      | Slain by a kobold

Illustrated notes

Levels and vault maps discovered:
D:1:      psy_arrival_fountain, layout_basic, serial_shops, nicolae_shop_trees
D:2:      layout_basic, uniq_jessica, uniq_terence

Skill      XL: |  1  2 |
---------------+-------+-----
Armour         | 1 |  1.7
Fighting       | 4 |  4.0
Axes           | |  4.7
Dodging        | |  2.4
Stealth        | |  1.5

Action                   || total
-------------------------++-------
Melee: Hand axe          ||    68
 Stab: Sleeping          ||     4
Armor: Robe              ||    13
       Scale mail        ||    19
Dodge: Dodged            ||    54
